 Dungeon Crawl Stone Soup version 0.29.0-7-g18a832c13a (webtiles) character file.

Game seed: 5445116767347669066

10122 SnakkuSnakku7 the Basher (level 11, -5/71 HPs)
             Began as a Djinni Chaos Knight on Aug 31, 2022.
             Was a Plaything of Xom.
             Slain by a gargoyle
             ... wielding a +0 flail
              (6 damage)
             ... while petrified by a catoblepas
             ... in a Gauntlet.
             The game lasted 00:22:19 (12841 turns).

SnakkuSnakku7 the Basher (Djinni Chaos Knight)     Turns: 12841, Time: 00:22:19

Health: -5/71      AC: 14    Str: 21 (22) XL:     11   Next: 87%
Gold:   244        EV:  2    Int: 18      God:    Xom [.....*] SH:  0 Dex: 12

rFire   + + +      SeeInvis .   a - +5 dire flail
rCold   x . .      Faith    .   (shield currently unavailable)
rNeg    + + +      Spirit   .   R - +6 ring mail "Ojidatwojo" {Str+2}
rPois   ∞          Reflect  +   (helmet restricted)
rElec   +          Harm     .   L - +2 cloak {rCorr}
rCorr   +          Rampage  .   (no gloves)
Will    ++...      NoTele   +   (boots unavailable)
Stlth   +.........              k - amulet of reflection
HPRegen 0.21/turn               f - +6 ring of strength
MPRegen 0.00/turn               E - +4 ring of evasion

@: petrified, flying
A: sickness immunity, fire resistance 3, cold vulnerability 1, float, innate
caster, HP casting, extra vitality 1, antennae 1, clever 1, strong-willed 1,
passive freeze, electricity resistance
a: Renounce Religion


You were in a Gauntlet.
You worshipped Xom.
You were Xom's teddy bear.
You visited 1 branch of the dungeon, and saw 11 of its levels.
You also visited: Gauntlet.

You collected 470 gold pieces.
You spent 226 gold pieces at shops.

Inventory:

Hand Weapons
 a - a +5 dire flail (weapon)
 e - a +3 mace
 w - a +0 morningstar
 G - a +0 falchion of chaos
 K - a +4 flail
Missiles
 o - 25 poisoned darts (quivered)
 P - 3 throwing nets
 S - a curare-tipped dart
Armour
 x - a +1 helmet
 I - +0 acid dragon scales
 L - a +2 cloak of preservation (worn)
 R - the +6 ring mail "Ojidatwojo" (worn) {Str+2}
   (You found it on level 9 of the Dungeon)

   Str:       It affects your strength (+2).
Jewellery
 f - a +6 ring of strength (left hand)
 g - a +6 ring of intelligence
 k - an amulet of reflection (around neck)
 q - a ring of protection from cold
 E - a +4 ring of evasion (right hand)
 H - a ring of positive energy
Wands
 n - a wand of polymorph (6)
 s - a wand of quicksilver (5)
 A - a wand of iceblast (8)
 B - a wand of paralysis (10)
 U - a wand of flame (11)
 V - a wand of mindburst (9)
Scrolls
 i - a scroll of magic mapping {unknown}
 j - a scroll of summoning {unknown}
 m - a scroll of immolation
 u - 6 scrolls of poison
 v - 2 scrolls of enchant weapon
 y - 2 scrolls of amnesia {unknown}
 C - 2 scrolls of blinking {unknown}
 F - 3 scrolls of teleportation
 J - a scroll of vulnerability {unknown}
 N - 2 scrolls of noise {unknown}
 O - a scroll of enchant armour
 Q - a scroll of fear {unknown}
Potions
 b - 2 potions of brilliance {unknown}
 d - 7 potions of curing
 h - 2 potions of invisibility
 p - 4 potions of attraction
 r - a potion of mutation
 t - a potion of might
 z - 4 potions of lignification
 D - 2 potions of resistance
 M - a potion of ambrosia
 T - a potion of berserk rage {unknown}
Miscellaneous
 c - a piece from Xom's chessboard (15/15)


   Skills:
 - Level 3.0 Fighting
 - Level 2.6 Long Blades
 + Level 12.7 Maces & Flails
 - Level 3.0 Throwing
 - Level 1.0 Armour
 - Level 2.1 Dodging
 + Level 4.4 Spellcasting
 - Level 6.0 Evocations


You had 5 spell levels left.
You knew the following spells:

 Your Spells              Type           Power      Damage    Failure   Level
a - Wereblood             Tmut           20%        N/A       5%          2
b - Slow                  Hex            80%        N/A       3%          1
c - Ensorcelled Hibernat  Hex/Ice        40%        N/A       5%          2
d - Passage of Golubria   Tloc           20%        N/A       36%         4
e - Flame Wave            Conj/Fire      20%        2d7       36%         4
Your spell library was empty.

Dungeon Overview and Level Annotations

Branches:
Dungeon (11/15)            Temple (0/1) D:4             Orc (0/2) D:9
Gauntlet (1/1)
   Lair: D:8-11

Altars:
Dithmenos
Hepliaklqana
Ru
Trog
Wu Jian
The Shining One

Shops:
D:2 [   D:3 :(   D:6 ?   D:7 (

Annotations:
D:9 1 runed translucent door, turdburglar's ghost, novice TrFi Gauntlet 15 transporters


Innate Abilities, Weirdness & Mutations

You are immune to sickness and miasma.
You are immune to poison.
Your flesh is almost immune to the effects of heat. (rF+++)
You are vulnerable to cold. (rC-)
You float through the air rather than walking.
You learn spells naturally, not from books.
Your magical power is your life essence.
You have superior vitality. (+4 MHP)
You have a pair of small antennae on your head.
Your mind is acute. (Int +4, Str/Dex -1)
You are strong-willed. (Will+)
A frigid envelope surrounds you and freezes all who hurt you.
You are resistant to electric shocks. (rElec)


Message History

Your limbs have turned to stone.
The gargoyle hurls a stone arrow at you.
The stone arrow hits you!
The catoblepas breathes a plume of calcifying dust at you.
The blast of calcifying dust hits you but does no damage.
The catoblepas breathes a plume of calcifying dust at you.
The blast of calcifying dust hits you!
* * * LOW HITPOINT WARNING * * *
The gargoyle hits you with a +0 flail!
* * * LOW HITPOINT WARNING * * *
The gargoyle is very cold.
The gargoyle is moderately damaged.
You have turned to stone.
You are engulfed in calcifying dust.
The catoblepas gores you but does no damage.
The catoblepas is very cold.
The catoblepas is almost dead.
The gargoyle hurls a stone arrow at you.
The stone arrow hits you!
You die...
Xom is feeling generous.
Xom revives you!
You are engulfed in calcifying dust.
The catoblepas breathes a plume of calcifying dust at you.
The blast of calcifying dust hits you.
* * * LOW HITPOINT WARNING * * *
The gargoyle hits you with a +0 flail.
* * * LOW HITPOINT WARNING * * *
The gargoyle is very cold.
The gargoyle is heavily damaged.
The gargoyle completely misses you.
The catoblepas gores you but does no damage.
The catoblepas is very cold.
The catoblepas is almost dead.
The catoblepas gores you!!
* * * LOW HITPOINT WARNING * * *
The catoblepas is very cold.
The catoblepas is almost dead.
The gargoyle hits you with a +0 flail!
You die...
Xom roars with laughter!

##### ### ### ### ### #≈∩≈# ##
#8# #8# #8# #8# #...# #8
###################.∩.#####
#§.........................
###...................©......
#8#..###########.###########.
###..#......#..#.#.........#.
#....#...§.#@..#.#.##.).##5#.
###....##...§#9Y.#.#.#.###.#.#.
#8#..###[##.#©...#.#..##.##..#.
###..#©#©..###...#.#....©....#.
#..#.#....#.##.#.#..##.##..#. #
###..#.#...#....##.#.#.###.#.#. #
#8#..#.#...#.....#.#.##...##.#.
#####..#.#[.#......#.#..|.©....#.
.......#.########################


You could see a catoblepas and a gargoyle.

Vanquished Creatures
  The ghost of SensoryNuts the Carver, a novice MiFi (D:6)
  A wizard (Gauntlet)
  A cyclops (D:10)
  A manticore (D:9)
  An unseen horror (D:10)
  A merfolk (D:9)
  A troll (D:10)
  A hornet (D:9)
  A shadow (D:10)
  A wyvern (D:7)
  A wraith (D:10)
  17 yaks
  A vampire (D:10)
  Eustachio (D:4)
  A steam dragon (D:8)
  An acid dragon (D:7)
  4 water moccasins
  A swamp drake (D:4)
  4 orc warriors (D:9)
  3 black bears
  An ogre (D:6)
  2 centaurs
  2 kobold brigands
  5 bullfrogs
  A necrophage (D:5)
  3 scorpions
  18 wights
  3 killer bees (D:9)
  6 hounds
  2 jellies
  4 orc priests
  Crazy Yiuf (D:7)
  A gnoll bouda (D:3)
  6 iguanas
  3 orc wizards
  Robin (D:3)
  12 gnolls
  9 adders
  A shadow imp (Gauntlet)
  4 white imps
  2 dart slugs
  18 orcs
  3 ball pythons
  12 endoplasms
  5 giant cockroaches
  19 goblins
  12 hobgoblins
  9 jackals
  A quokka (D:1)
  3 bats
  2 frilled lizards
  15 kobolds
  4 rats
234 creatures vanquished.

Vanquished Creatures (collateral kills)
  Sigmund (D:2)
  2 gnolls (D:2)
  A rat (D:2)
4 creatures vanquished.

Vanquished Creatures (others)
  An orc wizard (D:9)
  An orc (D:9)
  2 jackals (D:4)
  10 demonic plants (Gauntlet)
  10 plants
24 creatures vanquished.

Grand Total: 262 creatures vanquished

Notes
Turn   | Place    | Note
-------+----------+-------------------------------------------
     0 | D:1      | SnakkuSnakku7 the Djinni Chaos Knight began the quest for
                  | the Orb.
     0 | D:1      | Reached XP level 1. HP: 20/20 MP: 0/0
   146 | D:1      | Reached skill level 1 in Spellcasting
   146 | D:1      | Reached XP level 2. HP: 20/25 MP: 0/0
   261 | D:1      | XOM: butterfly on damage
   263 | D:1      | Reached skill level 1 in Maces & Flails
   316 | D:1      | XOM: silly message
   522 | D:1      | Reached XP level 3. HP: 27/30 MP: 0/0
   522 | D:1      | Learned a level 1 spell: Slow
   963 | D:2      | Reached skill level 2 in Maces & Flails
   967 | D:2      | Reached XP level 4. HP: 34/35 MP: 0/0
  1051 | D:2      | XOM: summons friendly iron imp
  1107 | D:2      | XOM: scenery: summon butterflies
  1189 | D:1      | Reached skill level 1 in Throwing
  1246 | D:2      | XOM: god gift: 6 stones
  1339 | D:2      | XOM: god gift: +6 ring of strength
  1354 | D:2      | Reached XP level 5. HP: 36/40 MP: 0/0
  1354 | D:2      | Learned a level 2 spell: Wereblood
  1355 | D:2      | Killed Sigmund
  1356 | D:2      | Reached skill level 3 in Maces & Flails
  1356 | D:2      | Reached XP level 6. HP: 42/46 MP: 0/0
  1356 | D:2      | XOM: blink monster(s)
  1396 | D:2      | XOM: 1-stop teleportation journey
  1750 | D:2      | XOM: god gift: giant spiked club {god gift}
  1770 | D:2      | Found Seodit's Armour Shop.
  1883 | D:2      | XOM: 5-stop teleportation journey
  1970 | D:3      | Found Tusisuna's Book Shop.
  2063 | D:3      | Found Heenadu Boaf's Antique Weapon Shop.
  2253 | D:3      | Noticed Robin
  2262 | D:3      | Killed Robin
  2265 | D:3      | XOM: 4-stop teleportation journey
  2301 | D:3      | Noticed a shining eye
  2303 | D:3      | Found a faded altar of an unknown god.
  2304 | D:3      | Noticed a great orb of eyes
  2304 | D:3      | Noticed a floating eye
  2304 | D:3      | Noticed a great orb of eyes
  2310 | D:3      | Reached skill level 4 in Maces & Flails
  2310 | D:3      | Reached XP level 7. HP: 47/50 MP: 0/0
  2310 | D:3      | Learned a level 2 spell: Ensorcelled Hibernation
  2347 | D:3      | XOM: divination: detect creatures
  3043 | D:2      | Bought a +0 cloak of poison resistance for 93 gold pieces
  3133 | D:4      | XOM: divine lightning
  3390 | D:3      | XOM: divination: detect creatures
  3698 | D:4      | XOM: divination: detect creatures
  3769 | D:4      | Noticed Eustachio
  3780 | D:4      | XOM: god gift: wand of paralysis (5)
  3786 | D:4      | Killed Eustachio
  3787 | D:4      | Reached skill level 5 in Maces & Flails
  3953 | D:4      | Identified the +1 robe of the Gloaming {rPois rN+}
  3962 | D:4      | XOM: give mutations
  3962 | D:4      | Gained mutation: You occasionally lose the ability to read
                  | scrolls when taking damage. [Xom's mischief]
  3962 | D:4      | Gained mutation: Armour fits poorly on your strangely
                  | shaped body. [Xom's mischief]
  4160 | D:4      | XOM: polymorph hound -> swamp drake
  4172 | D:4      | Reached skill level 6 in Maces & Flails
  4172 | D:4      | Reached XP level 8. HP: 50/56 MP: 0/0
  4363 | D:4      | Found a staircase to the Ecumenical Temple.
  4670 | D:5      | Entered Level 5 of the Dungeon
  4673 | D:5      | XOM: confusion
  4803 | D:5      | XOM: 1-stop teleportation journey
  4954 | D:5      | XOM: blink monster(s)
  4963 | D:5      | XOM: potion effect (heal wounds)
  4973 | D:5      | Reached skill level 7 in Maces & Flails
  5115 | D:5      | XOM: god gift: scroll of poison
  5153 | D:5      | XOM: noise
  5604 | D:5      | XOM: silly message
  5627 | D:5      | XOM: torment (29/56 hp)
  5887 | D:5      | XOM: divination: detect creatures
  6042 | D:5      | Reached XP level 9. HP: 60/60 MP: 0/0
  6042 | D:5      | Learned a level 4 spell: Passage of Golubria
  6164 | D:5      | Reached skill level 8 in Maces & Flails
  6540 | D:6      | Reached skill level 1 in Evocations
  6584 | D:6      | Found a runed translucent door.
  6587 | D:6      | Noticed SensoryNuts's ghost (novice MiFi)
  6930 | D:6      | XOM: noise
  7055 | D:6      | XOM: 6-stop teleportation journey
  7076 | D:6      | Found Vurois's Magic Scroll Boutique.
  7085 | D:6      | Bought a scroll of enchant armour for 105 gold pieces
  7085 | D:6      | Bought a scroll of identify for 28 gold pieces
  7108 | D:6      | Found a sacrificial altar of Ru.
  7158 | D:6      | XOM: 1-stop teleportation journey
  7442 | D:6      | XOM: give mutation
  7442 | D:6      | Gained mutation: You are strong-willed. (Will+) [Xom's
                  | grace]
  7505 | D:7      | XOM: summons friendly ufetubus
  7509 | D:7      | Reached skill level 9 in Maces & Flails
  7712 | D:7      | XOM: divination: detect items
  8000 | D:7      | Reached XP level 10. HP: 67/67 MP: 0/0
  8020 | D:7      | Reached skill level 5 in Evocations
  8056 | D:7      | Found an ornate altar of the Wu Jian Council.
  8101 | D:7      | Found a hazy altar of Hepliaklqana.
  8142 | D:7      | Found Neutuinu's Weapon Shop.
  8499 | D:7      | XOM: 8-stop teleportation journey
  8518 | D:7      | XOM: god gift: 47 gold pieces
  8573 | D:7      | XOM: god gift: staff of air
  8589 | D:7      | XOM: 2-stop teleportation journey
  8836 | D:7      | Found a runed translucent door.
  8837 | D:7      | Noticed Crazy Yiuf
  8846 | D:7      | Killed Crazy Yiuf
  9222 | D:8      | Found a shadowy altar of Dithmenos.
  9251 | D:8      | XOM: summons friendly quasit
  9257 | D:8      | Reached skill level 10 in Maces & Flails
  9517 | D:8      | Lost mutation: You occasionally lose the ability to read
                  | scrolls when taking damage. [potion of mutation]
  9517 | D:8      | Lost mutation: Armour fits poorly on your strangely shaped
                  | body. [potion of mutation]
  9517 | D:8      | Gained mutation: You have a pair of small antennae on your
                  | head. [potion of mutation]
  9517 | D:8      | Gained mutation: Your mind is acute. (Int +4, Str/Dex -1)
                  | [potion of mutation]
  9664 | D:8      | Found a bloodstained altar of Trog.
  9689 | D:9      | XOM: 1-stop teleportation journey
  9708 | D:9      | Noticed Erica
  9713 | D:9      | Noticed Erica
  9713 | D:9      | Erica changed into Erica the manticore
  9713 | D:9      | XOM: polymorph Erica -> Erica the manticore
  9721 | D:9      | Killed Erica the manticore
  9937 | D:9      | Found a staircase to the Orcish Mines.
  9951 | D:9      | XOM: scenery: 1 doors close
  9978 | D:9      | XOM: enchant monster (bad)
  9983 | D:9      | Reached skill level 11 in Maces & Flails
  9983 | D:9      | XOM: confusion (+ monsters)
 10222 | D:9      | XOM: god gift: amulet of the acrobat
 10248 | D:9      | Noticed turdburglar's ghost (novice TrFi)
 10256 | D:9      | XOM: 3-stop teleportation journey
 10458 | D:9      | Reached XP level 11. HP: 25/71 MP: 0/0
 10458 | D:9      | Learned a level 4 spell: Flame Wave
 10458 | D:9      | XOM: noise
 10479 | D:9      | XOM: 2-stop teleportation journey
 10745 | D:9      | XOM: enchant monster (good)
 10767 | D:9      | XOM: fog
 10773 | D:9      | Reached skill level 12 in Maces & Flails
 10943 | D:9      | Identified the +6 ring mail "Ojidatwojo" {Str+2}
 10978 | D:9      | Found a runed translucent door.
 11212 | D:6      | Killed SensoryNuts's ghost
 11285 | D:10     | Entered Level 10 of the Dungeon
 11381 | D:10     | Noticed a cyclops
 11386 | D:10     | Killed a cyclops
 11450 | D:10     | XOM: confusion
 11594 | D:10     | Found a glowing golden altar of the Shining One.
 11658 | D:10     | XOM is BORED!
 11677 | D:10     | XOM: summons 3 hostile shadow creatures
 11680 | D:10     | XOM: stat loss: -1 Dex (11/12)
 11682 | D:10     | XOM: summons 2 hostile demons
 11685 | D:10     | XOM: noise
 11700 | D:10     | XOM: swap monsters
 11704 | D:10     | XOM: cast spell 'Dispersal'
 11967 | D:10     | XOM: noise
 11973 | D:10     | XOM: silly message
 12516 | D:10     | XOM: stat loss: -1 Str (21/22)
 12574 | D:11     | Found a gate leading to a gauntlet.
 12588 | Gauntlet | Entered a Gauntlet
 12588 | Gauntlet | Found a transporter.
 12592 | Gauntlet | Noticed a wizard
 12594 | Gauntlet | Noticed a catoblepas
 12599 | Gauntlet | Found a transporter.
 12612 | Gauntlet | Found a transporter.
 12617 | Gauntlet | Found a transporter.
 12626 | Gauntlet | Noticed a moth of wrath
 12638 | Gauntlet | Found a transporter.
 12651 | Gauntlet | Found a transporter.
 12655 | Gauntlet | XOM: give mutations
 12655 | Gauntlet | Gained mutation: Your flesh is almost immune to the effects
                  | of heat. (rF+++) [Xom's grace]
 12655 | Gauntlet | Gained mutation: You are resistant to electric shocks.
                  | (rElec) [Xom's grace]
 12655 | Gauntlet | Gained mutation: A frigid envelope surrounds you and
                  | freezes all who hurt you. [Xom's grace]
 12663 | Gauntlet | Found a transporter.
 12666 | Gauntlet | Noticed a ghost crab
 12673 | Gauntlet | Noticed a great orb of eyes
 12675 | Gauntlet | Found a transporter.
 12676 | Gauntlet | Noticed a brown ugly thing
 12687 | Gauntlet | Found a transporter.
 12695 | Gauntlet | Noticed a sixfirhy
 12698 | Gauntlet | Noticed a sixfirhy
 12698 | Gauntlet | Noticed a sixfirhy
 12699 | Gauntlet | Found a transporter.
 12713 | Gauntlet | Noticed a sixfirhy
 12716 | Gauntlet | Found a transporter.
 12733 | Gauntlet | Found a transporter.
 12735 | Gauntlet | Found a transporter.
 12763 | Gauntlet | Found a transporter.
 12765 | Gauntlet | Found a transporter.
 12781 | Gauntlet | Found a transporter.
 12785 | Gauntlet | Killed a wizard
 12795 | Gauntlet | Found a transporter.
 12800 | Gauntlet | Found a transporter.
 12838 | Gauntlet | Xom revived you
 12841 | Gauntlet | HP: 1/71 [catoblepas (10)]
 12841 | Gauntlet | Slain by a gargoyle

Illustrated notes

Levels and vault maps discovered:
D:1:      saegor_arrival_simple_c, layout_basic, serial_bayou_lagoon_a,
          supply_closet_lemuel, item_on_display_b
D:2:      layout_basic, serial_shops, shop, minmay_vboxes, uniq_sigmund
D:3:      layout_basic, serial_shops, shop,
          nicolae_shop_temple_entry_statues_fountains,
          hellmonk_ecumenical_altar_watching_god, uniq_robin
D:4:      layout_basic, nicolae_sif_muna_little_library,
          minmay_temple_entry_mini_moons, dreamdust_wishing_well,
          interstate_on_off, uniq_eustachio
D:5:      layout_layer_cave
D:6:      layout_basic, nicolae_ru_sacrificial_ziggurat, serial_shops, shop,
          ebering_ghost_sewer_d, minmay_ogre_servants
D:7:      layout_basic, nicolae_hepliaklqana_hazy_memory, lemuel_tele_altar,
          serial_shops, nicolae_shop_bloodbath_and_beyond, abandoned_shop,
          small_statue_intersection, minmay_misc_feat_diagonals,
          uniq_crazy_yiuf_cottage
D:8:      layout_rooms, vehumet_crystals, mainiacjoe_overflow_swirl,
          corexii_leaking_fountain
D:9:      layout_loops_cross, minmay_orc_entry_temple_small,
          hellmonk_ghost_big_iron, hangedman_fish_farm, uniq_erica
D:10:     layout_basic, lemuel_doored_altar
D:11:     layout_roguey, lair_entry_dummy, gauntlet_entry_generic, serial_shops,
          nicolae_inconvenience_store
Gauntlet: gammafunk_gauntlet_one_two_three [gammafunk_gauntlet_arena_corners,
          nicolae_gauntlet_arena_flowing_pool, nicolae_gauntlet_swirl,
          nicolae_gauntlet_arena_grate_2, gammafunk_gauntlet_arena_chambers,
          gammafunk_gauntlet_arena_arrow_garden,
          nicolae_gauntlet_arena_quarters, gammafunk_gauntlet_arena_crates,
          gammafunk_gauntlet_arena_split_x, gauntlet_exit_watery]

Skill      XL: |  1  2  3  4  5  6  7  8  9 10 11 |
---------------+----------------------------------+-----
Spellcasting   | 1 4 |  4.4
Maces & Flails | 1 2 3 4 6 7 9 11 12 | 12.7
Throwing       | 1 2 3 |  3.0
Evocations     | 4 6 |  6.0
Fighting       | |  3.0
Long Blades    | |  2.6
Armour         | |  1.0
Dodging        | |  2.1

Action                   |  1- 3 |  4- 6 |  7- 9 | 10-12 || total
-------------------------+-------+-------+-------+-------++-------
Melee: Mace              |    55 |   106 |   248 |       ||   409
       Falchion          |    10 |       |       |       ||    10
       Punch             |       |     1 |     5 |       ||     6
       Dire flail        |       |       |   109 |   368 ||   477
Throw: Dart              |       |       |     5 |       ||     5
Evoke: Wand              |       |       |     9 |     5 ||    14
       Piece from Xom's  |       |       |     2 |     1 ||     3
  Use: Potion            |       |     4 |     1 |     5 ||    10
       Scroll            |       |     1 |     7 |     7 ||    15
 Stab: Sleeping          |       |     1 |       |       ||     1
       Paralysed         |       |       |     6 |     3 ||     9
       Invisible         |       |       |       |     3 ||     3
Armor: Leather armour    |    24 |    33 |    92 |       ||   149
       Acid dragon scale |       |       |     2 |    35 ||    37
       Ring mail         |       |       |       |    40 ||    40
Dodge: Dodged            |    52 |    83 |   272 |   213 ||   620
Block: Other             |     4 |    29 |    93 |    74 ||   200
       Reflection        |       |     1 |     2 |     1 ||     4
